 Dungeon Crawl Stone Soup version 0.30.0-11-gf55b779eaf (webtiles) character file.

Game seed: 15282211068081073063

5 GigaChad the Shooter (level 1, -6/16 HPs)
             Began as a Formicid Hunter on May 17, 2023.
             Mangled by a gnoll
             ... wielding a +0 club
              (9 damage)
             ... on level 1 of the Dungeon.
             The game lasted 00:00:17 (58 turns).

GigaChad the Shooter (Formicid Hunter)                Turns: 58, Time: 00:00:18

Health: -6/16      AC:  3    Str: 15    XL:     1   Next: 88%
Magic:  1/1        EV: 12    Int:  8    God:
Gold:   0          SH:  0    Dex: 17    Spells: 0/0 levels left

rFire   . . .        a - +0 shortbow
rCold   . . .        (no shield)
rNeg    . . .        c - +0 leather armour
rPois   .            (helmet unavailable)
rElec   .            (no cloak)
rCorr   .            (no gloves)
SInv    +            (no boots)
Will    .....        (no amulet)
Stlth   ++           (no ring)
HPRegen 0.22/turn    (no ring)
MPRegen 0.07/turn

%: no passive effects
@: no status effects
A: permanent stasis, dig shafts and tunnels, antennae 3, four strong arms
a: Dig, Shaft Self


You were on level 1 of the Dungeon.
You visited 1 branch of the dungeon, and saw 1 of its levels.

Inventory:

Hand Weapons
 a - a +0 shortbow (weapon)
Armour
 c - a +0 leather armour (worn)
Scrolls
 b - a scroll of immolation
 d - a scroll of magic mapping {unknown}
Potions
 e - a potion of might {unknown}


   Skills:
 + Level 2.2 Fighting
 + Level 4.2 Ranged Weapons
 + Level 1.7 Dodging
 + Level 1.2 Stealth


You couldn't memorise any spells.
You didn't know any spells.
Your spell library was empty.

Dungeon Overview and Level Annotations

Branches:
Dungeon (1/15)

Altars:


Innate Abilities, Weirdness & Mutations

You cannot be hasted, slowed, berserked, paralysed or teleported.
You can dig through walls and to a lower floor.
You have a pair of large antennae on your head. (SInv)
Your four strong arms can wield two-handed weapons with a shield.


Message History

You shoot an arrow.
The arrow hits the quokka but does no damage.
The quokka misses you.
You shoot an arrow. The arrow hits the quokka.
The quokka is heavily wounded.
A nearby plant withers and dies.
The quokka closely misses you.
A rat comes into view.
The quokka misses you.
You shoot an arrow. The arrow hits the quokka.
You kill the quokka!
You shoot an arrow. The arrow barely misses the gnoll.
The goblin closely misses you. The gnoll barely misses you.
The goblin closely misses you. The gnoll hits you with a +0 club.
You shoot an arrow. The arrow barely misses the gnoll.
The goblin closely misses you. The gnoll closely misses you.
You shoot an arrow. The arrow closely misses the gnoll.
The goblin hits you with a +0 dagger. The gnoll barely misses you.
You shoot an arrow. The arrow completely misses the gnoll.
The goblin hits you but does no damage. The gnoll closely misses you.
The gnoll hits you with a +0 club. The goblin hits you but does no damage.
You are too injured to fight recklessly!
You are too injured to fight recklessly!
You are too injured to fight recklessly!
The goblin attacks as you move away! The goblin hits you but does no damage.
Unknown command.
Unknown command.
You shoot an arrow. The arrow closely misses the goblin.
The arrow hits the gnoll.
The gnoll is heavily wounded.
The goblin hits you with a +0 dagger.
Unknown command.
You shoot an arrow. The arrow hits the goblin.
You kill the goblin!
The gnoll hits you with a +0 club.
* * * LOW HITPOINT WARNING * * *
Unknown command.
You shoot an arrow. The arrow closely misses the rat.
The gnoll hits you with a +0 club!
Ouch! That really hurt!
You die...

#...~≈ ..~≈≈~. #....≈
.~†~.~~ #..⌠.. .~..~.~
..### #..⌠.. .~~P.
....###....~ ....####
...#.....~≈ #.. ..#
#..#.#...~≈
#.†##.######..#.....≈~
#...r@.....#..#.#...≈≈
#..#g#.#.#.#..#.#...~≈
#...............#...≈≈
#...#.#.#.#.#..###...~~
#.#..........#..#
###...
#.##..#.#.#.#.#..# ...
## #...).......#.# ..#
#...#.#.#.#..##..
##...........# ....


You could see a gnoll and a rat.

Vanquished Creatures
  An endoplasm (D:1)
  A goblin (D:1)
  A quokka (D:1)
  A ball python (D:1)
  A frilled lizard (D:1)
5 creatures vanquished.

Notes
Turn   | Place    | Note
-------+----------+-------------------------------------------
     0 | D:1      | GigaChad the Formicid Hunter began the quest for the Orb.
     0 | D:1      | Reached XP level 1. HP: 16/16 MP: 1/1
    58 | D:1      | Mangled by a gnoll

Illustrated notes

Levels and vault maps discovered:
D:1:      dpeg_arrival_castle, layout_loops_ring, serial_glass, glass_columns_a,
          glass_columns_b, glass_columns_a, glass_columns_c, glass_columns_a,
          glass_columns_b, glass_columns_b, glass_columns_c, feat_on_display,
          minmay_strange_pillars, due_unseen_surprise, feat_on_display,
          chequers_serial_rivers_micro_d, serial_bayou_pond_b

Action                     || total
---------------------------++-------
   Fire: Shortbow          ||    16
Ability: Dig               ||     2
 Armour: Leather armour    ||     3
  Dodge: Dodged            ||    10
